 Dungeon Sprint DCSS version 0.22-a0-196-gee22f27 (webtiles) character file.

8 Lapis the Sneak (level 2, -1/19 HPs)
             Began as an Octopode Assassin on Feb 17, 2018.
             Was a Believer of Cheibriados.
             Slain by a warg (5 damage)
             ... in the Dungeon (Sprint VII: "The Pits").
             The game lasted 00:01:11 (418 turns).

Lapis the Sneak (Octopode Assassin)                  Turns: 418, Time: 00:01:11

Health: -1/19      AC:  8    Str: 15    XL:     2   Next: 8%
Magic:  2/2        EV: 13    Int: 18    God:    Cheibriados [**....]
Gold:   0          SH:  0    Dex: 18    Spells: 1/1 levels left

rFire    . . .     SeeInvis .   m - +2 dagger (protect)
rCold    . . .     Gourm    .   (no shield)
rNeg     . . .     Faith    .   (helmet restricted)
rPois    .         Spirit   .   (no amulet)
rElec    .         Reflect  .   (no ring)
rCorr    .         Harm     .   (no ring)
MR       .....     NoTele   +   (no ring)
Stlth    +++++.....             (no ring)
HPRegen  0.06/turn              (no ring)
MPRegen  0.08/turn              (no ring)
                                (no ring)
                                (no ring)

@: protection aura, very slow
A: almost no armour, stealthy swim, amphibious, 8 rings, constrict 8, camouflage
1, gelatinous body 1
a: Bend Time, Renounce Religion


You were in the Dungeon.
You worshipped Cheibriados.
Cheibriados was pleased with you.
You were not hungry.

You visited 1 branch

Inventory:

Hand Weapons
 a - a +2 dagger
 b - a +0 blowgun
 m - a +2 dagger of protection (weapon)
Missiles
 c - 8 poisoned needles
 d - 2 curare-tipped needles
Scrolls
 k - a scroll of blinking
 o - 3 scrolls of remove curse
 p - 5 scrolls of amnesia
 q - a scroll of summoning
Potions
 e - a potion of curing
 g - a potion of heal wounds
 h - a potion of haste
 i - 4 potions of magic
 j - 3 potions of berserk rage
 n - 2 potions of invisibility
Comestibles
 f - 9 rations


   Skills:
 * Level 2.3 Fighting
 * Level 2.4 Short Blades
 - Level 2.0 Throwing
 * Level 1.5 Dodging
 * Level 7.1 Stealth


You had one spell level left.
You didn't know any spells.

Dungeon Overview and Level Annotations

Branches:
Dungeon (1/1)

Altars:
Ashenzari
Cheibriados
Dithmenos
Elyvilon
Fedhas
Gozag
Hepliaklqana
Kikubaaqudgha
Makhleb
Nemelex Xobeh
Okawaru
Qazlal
Ru
Sif Muna
Trog
Uskayaw
Vehumet
Wu Jian
Xom
Yredelemnul
Zin
The Shining One
Beogh
Jiyva
Lugonu


Innate Abilities, Weirdness & Mutations

You cannot wear most types of armour.
You are very stealthy in the water. (Stealth+)
You are amphibious.
You can wear up to eight rings at the same time.
You can use your tentacles to constrict eight enemies at once.
Your skin changes colour to match your surroundings (Stealth+).
Your rubbery body absorbs attacks. (AC +1, EV +1)


Message History

The warg is moderately wounded.
The warg barely misses you.
You hit the warg. Your squeeze misses the warg.
The warg is moderately wounded.
The warg bites you.
You don't have enough magic capacity.
Unknown command.
You don't have enough magic capacity.
Unknown command.
You don't have enough magic capacity.
Unknown command.
Unknown command.
You hit the warg. Your squeeze misses the warg.
The warg is moderately wounded.
The warg bites you!
* * * LOW HITPOINT WARNING * * *
You hit the warg but do no damage.
The warg is moderately wounded.
The warg bites you.
You die...

#_________.#
#_______...###########++#
##########+##............
#.?(.+)))+.##......#..#..
##########.##............
#...........+............
#+#####'#####......#..#..
#.)#..#..##............
#..+..@).#####+#####++#
##+####h###.......#
#....l.l.##.......#
#........##.......#
#####+#####...<...#
#.......# #.......#
#.......# #########


You could see a warg and a leopard gecko.

Vanquished Creatures
  A bat skeleton (D)
  A goblin (D)
  A hobgoblin (D)
  A kobold (D)
  A quokka (D)
  A ball python (D)
  A jackal skeleton (D)
7 creatures vanquished.

Notes
Turn   | Place    | Note
-------+----------+-------------------------------------------
     0 | D        | Lapis the Octopode Assassin began the quest for the Orb.
     0 | D        | Reached XP level 1. HP: 14/14 MP: 1/1
   100 | D        | Found a bloodstained altar of Trog.
   100 | D        | Found a deep blue altar of Sif Muna.
   100 | D        | Found a viscous altar of Jiyva.
   100 | D        | Found a hazy altar of Hepliaklqana.
   100 | D        | Found an opulent altar of Gozag.
   101 | D        | Found a glowing golden altar of the Shining One.
   101 | D        | Found a glowing silver altar of Zin.
   101 | D        | Found a basalt altar of Yredelemnul.
   101 | D        | Found a shimmering altar of Xom.
   101 | D        | Found an ornate altar of the Wu Jian Council.
   101 | D        | Found a sacrificial altar of Ru.
   101 | D        | Found a stormy altar of Qazlal.
   101 | D        | Found an iron altar of Okawaru.
   101 | D        | Found a sparkling altar of Nemelex Xobeh.
   101 | D        | Found a burning altar of Makhleb.
   101 | D        | Found a blossoming altar of Fedhas.
   101 | D        | Found a white marble altar of Elyvilon.
   101 | D        | Found a shadowy altar of Dithmenos.
   101 | D        | Found a snail-covered altar of Cheibriados.
   103 | D        | Found a corrupted altar of Lugonu.
   103 | D        | Found a radiant altar of Vehumet.
   103 | D        | Found a roughly hewn altar of Beogh.
   104 | D        | Found an ancient bone altar of Kikubaaqudgha.
   104 | D        | Found a hide-covered altar of Uskayaw.
   104 | D        | Found a shattered altar of Ashenzari.
   110 | D        | Became a worshipper of Cheibriados the Contemplative
   251 | D        | Reached skill level 6 in Stealth
   257 | D        | Reached * piety under Cheibriados
   403 | D        | Reached ** piety under Cheibriados
   405 | D        | Reached skill level 7 in Stealth
   405 | D        | Reached XP level 2. HP: 19/19 MP: 2/2
   410 | D        | Noticed a warg
   418 | D        | Slain by a warg

Vault maps used:
D:        pitsprint

Skill      XL: |  1 |
---------------+----+-----
Stealth        | 7 |  7.1
Fighting       | |  2.3
Short Blades   | |  2.4
Throwing       | |  2.0
Dodging        | |  1.5

Action                   || total
-------------------------++-------
Melee: Dagger            ||    19
       Constrict         ||     5
       Tentacles         ||     4
Armor: Skin              ||     4
Dodge: Dodged            ||    11

Table legend:
 A = Spawn XP
 B = Non-spawn XP
 C = Spawn XP percentage of total XP
 D = Spawn monster count
 E = Non-spawn monster count
 F = Spawn count percentage of total count
 G = Total turns spent on level
                    A         B        C        D         E        F      G
               +---------+---------+-------+---------+---------+-------+---------
         Total |       0 |      12 |   0.0 |       0 |       7 |   0.0 |   418
               +---------+---------+-------+---------+---------+-------+---------
             D |       0 |      12 |   0.0 |       0 |       7 |   0.0 |   418
               +---------+---------+-------+---------+---------+-------+---------
